 Dungeon Crawl Stone Soup version 0.28-a0-1389-gc726bef33b (webtiles) character file.

Game seed: 17515720079994775355

27 GainsdalftheGwei the Skirmisher (level 2, 25/25 HPs)
             Began as a Palentonga Fighter on Jan 3, 2022.
             Quit the game on level 1 of the Dungeon.
             The game lasted 00:02:02 (1056 turns).

GainsdalftheGwei the Skirmisher (PaFi)              Turns: 1056, Time: 00:02:02

Health: 25/25      AC:  6    Str: 19    XL:     2   Next: 93%
Magic:  2/2        EV:  7    Int:  8    God:
Gold:   37         SH:  4    Dex:  9    Spells: 1/1 levels left

rFire   . . .      SeeInvis +   a - +0 trident
rCold   . . .      Faith    .   c - +0 buckler
rNeg    . . .      Spirit   .   f - +0 scale mail
rPois   .          Reflect  .   (no helmet)
rElec   .          Harm     .   (no cloak)
rCorr   .          Rampage  .   (no gloves)
Will    .....                   (no barding)
Stlth   ..........              (no amulet)
HPRegen 0.08/turn               (no ring)
MPRegen 0.08/turn               (no ring)

@: no status effects
A: large, rugged brown scales 3, see invisible, deformed body, roll 1, armoured
tail
a: Rolling Charge


You were on level 1 of the Dungeon.
You visited 1 branch of the dungeon, and saw 1 of its levels.

You collected 37 gold pieces.

Inventory:

Hand Weapons
 a - a +0 trident (weapon)
Armour
 c - a +0 buckler (worn)
 f - a +0 scale mail (worn)
Scrolls
 e - a scroll of enchant weapon {unknown}
Potions
 b - a potion of attraction {unknown}
 d - a potion of might
 g - a potion of curing {unknown}
 h - a potion of lignification {unknown}


   Skills:
 + Level 3.2 Fighting
 + Level 2.3 Polearms
 + Level 2.6 Armour
 + Level 2.6 Shields


You had one spell level left.
You didn't know any spells.
Your spell library contained the following spells:

 Spells                   Type           Power      Damage    Failure   Level
 Passwall                 Tmut/Erth      0%         N/A       89%         2
 Swiftness                Air            0%         N/A       98%         3


Dungeon Overview and Level Annotations

Branches:
Dungeon (1/15)

Altars:


Innate Abilities, Weirdness & Mutations

You are completely covered in rugged brown scales. (AC +3, +7% HP)
You have supernaturally acute eyesight. (SInv)
Armour fits poorly on your strangely shaped body.
You can roll at nearby foes to attack.
You have a long armoured tail.


Message History

You open the door.
There is an open door here.
h - a fizzy dark potion A dart slug comes into view.
A dart slug is nearby!
The dart slug launches a dart at you. The slug dart hits you.
The dart slug launches a dart at you. The slug dart misses you.
The dart slug bites you but does no damage.
You puncture the dart slug!
You kill the dart slug!
A goblin comes into view. It is wielding a +0 dagger.
The goblin shouts!
There is a faded altar of an unknown god here.
A goblin is nearby!
The goblin hits you but does no damage.
You hit the goblin.
You kill the goblin!
Things that are here:
a +0 dagger; a goblin corpse A rat comes into view.
A rat is nearby!
You puncture the rat!
You kill the rat!
A rat, a hobgoblin and a kobold come into view.
The kobold shouts!
A ball python comes into view.
The hobgoblin moves out of view.
There are monsters nearby!
The ball python hisses angrily.
You hit the rat but do no damage.
Your tail-slap misses the rat.
The rat bites you but does no damage.
You hit the rat but do no damage. The rat bites you but does no damage.
You closely miss the rat. The rat closely misses you.
You hit the rat.
You tail-slap the rat, but do no damage.
The rat is severely wounded.
The rat completely misses you.
Are you sure you want to abandon this character and quit the game? (Confirm with "yes".)

###....P..###
##.PP..PP#
#.##P.P##.#
#.##.PP# ##
##.#.###.#
#..## ##
#.### #...#
#@#.# #r#.#


gK... .#.#.#. ......... .# #.#.#.#. .. ....S.... .# #.# #. You could see a
hobgoblin, a kobold and a rat.

Vanquished Creatures
  2 dart slugs (D:1)
  3 ball pythons (D:1)
  2 endoplasms (D:1)
  A giant cockroach (D:1)
  3 goblins (D:1)
  4 hobgoblins (D:1)
  A quokka (D:1)
  A frilled lizard (D:1)
  3 rats (D:1)
20 creatures vanquished.

Vanquished Creatures (others)
  2 fungi (D:1)
  A plant (D:1)
3 creatures vanquished.

Grand Total: 23 creatures vanquished

Notes
Turn   | Place    | Note
-------+----------+-------------------------------------------
     0 | D:1      | GainsdalftheGwei the Palentonga Fighter began the quest for
                  | the Orb.
     0 | D:1      | Reached XP level 1. HP: 19/19 MP: 1/1
   202 | D:1      | Found a faded altar of an unknown god.
   233 | D:1      | Reached XP level 2. HP: 20/25 MP: 2/2
  1056 | D:1      | Quit the game

Illustrated notes

Levels and vault maps discovered:
D:1:      onia_arrival_mini_maze_b, layout_basic, serial_forest,
          infiniplex_forest_lined_3_way, infiniplex_forest_clump_double,
          infiniplex_forest_clump_small, infiniplex_forest_clump_small,
          infiniplex_forest_clump_small, infiniplex_forest_straight_3,
          infiniplex_forest_straight_4, infiniplex_forest_lined_2,
          infiniplex_forest_join, shapermc_ecumenical_altar_gd,
          nrook_mini_vaults, st_stairs_11

Skill      XL: |  1  2 |
---------------+-------+-----
Polearms       | 2 |  2.3
Fighting       | |  3.2
Armour         | |  2.6
Shields        | |  2.6

Action                   || total
-------------------------++-------
Melee: Trident           ||    53
       Tailslap          ||     3
 Abil: Rolling Charge    ||     1
Armor: Scale mail        ||    26
Dodge: Dodged            ||    16
Block: Buckler           ||     4

Table legend: (Time is in decaauts)
 A = Elapsed time spent in this place.
 B = Non-inter-level travel time spent in this place.
 C = Inter-level travel time spent in this place.
 D = Time resting spent in this place.
 E = Time spent auto-exploring this place.
 F = Levels seen in this place.
 G = Mean time per level.
                   A        B        C        D        E       F      G
               +--------+--------+--------+--------+--------+-----+--------+
         Total |   1066 |   1066 |      0 |      0 |    866 |   1 | 1066.0 |
       Dungeon |   1066 |   1066 |      0 |      0 |    866 |   1 | 1066.0 |
               +--------+--------+--------+--------+--------+-----+--------+

Top non-repeatable levels by time:
     D:1: 1066 daAuts
